 Dungeon Crawl Stone Soup version 0.23.0 (webtiles) character file.

Game seed: 7458138792318139321

316712 EnegeticOcto the Brawler (level 20, -11/286 HPs)
             Began as a Troll Chaos Knight on Feb 17, 2019.
             Was a Favourite Plaything of Xom.
             Killed from afar by a shadow dragon (42 damage)
             ... with a bolt of negative energy
             ... on level 4 of the Vaults.
             The game lasted 02:02:26 (44633 turns).

EnegeticOcto the Brawler (Troll Chaos Knight)      Turns: 44633, Time: 02:02:26

Health: -11/286    AC: 14    Str: 28    XL:     20   Next: 54%
Magic:  22/22      EV: 13    Int: 10    God:    Xom [*.....]
Gold:   3240       SH: 24    Dex: 13    Spells: 8/19 levels left

rFire    + . .     SeeInvis +     - Unarmed
rCold    + . .     Gourm    +   c - +0 large shield
rNeg     . . .     Faith    .   X - +0 acid dragon scales
rPois    .         Spirit   .   j - +2 hat {MR+}
rElec    +         Reflect  +   P - +2 cloak {rC+}
rCorr    +         Harm     .   (gloves unavailable)
MR       +++..                  (boots unavailable)
Stlth    ..........             E - +4 amulet of reflection
HPRegen  0.97/turn              l - ring of protection from fire
MPRegen  0.18/turn              I - ring of protection from magic

@: mighty, berserking, heavily drained, very quick
A: large, unfitting armour, claws 3, see invisible, clever 1, clumsy 1, deformed
body, fast metabolism 3, frail 1, gourmand, low mp 1, regeneration 1, shaggy fur
1, electricity resistance, tough skin 3, weak 1
}: 2/15 runes: barnacled, gossamer
a: Renounce Religion


You were on level 4 of the Vaults.
You worshipped Xom.
You were a special plaything of Xom.
You were completely stuffed.

You visited 6 branches of the dungeon, and saw 35 of its levels.
You also visited: Ossuary, Bailey, Gauntlet and Ice Cave.

You collected 4473 gold pieces.
You spent 1233 gold pieces at shops.

Inventory:

Hand Weapons
 b - a +9 blowgun
Missiles
 g - 19 steel javelins
 h - 33 javelins of returning
 B - 9 throwing nets {!f}
 D - 7 needles of paralysis
 G - 75 javelins (quivered)
 H - 85 large rocks
 R - 95 tomahawks
Armour
 c - a +0 large shield (worn)
 j - a +2 hat of magic resistance (worn)
 P - a +2 cloak of cold resistance (worn)
 X - +0 acid dragon scales (worn)
Jewellery
 f - an uncursed ring of see invisible
 l - a ring of protection from fire (left claw)
 E - a +4 amulet of reflection (around neck)
 I - a ring of protection from magic (right claw)
 L - an uncursed ring of poison resistance
 W - a +4 ring of intelligence
 Y - the amulet of the Air {Inacc +Fly rElec EV+5 RMsl}
   (You found it on level 4 of the Vaults)

   [amulet of inaccuracy]

   It reduces the accuracy of all your attacks.
   It affects your evasion (+5).
   It insulates you from electricity.
   It lets you fly.
   It protects you from missiles.
Wands
 s - a wand of disintegration (19)
 M - a wand of acid (2)
 S - a wand of digging (11)
 V - a wand of iceblast (20)
Scrolls
 a - 6 scrolls of fear
 d - 3 scrolls of fog
 n - 9 scrolls of blinking {@r4}
 o - 4 scrolls of enchant armour
 p - 19 scrolls of teleportation {@r3 !r}
 v - 12 scrolls of remove curse {@r2}
 y - a scroll of immolation
 z - 5 scrolls of magic mapping {@r5 !r}
 J - 9 scrolls of identify {@r1}
 N - 2 scrolls of silence
 O - 4 scrolls of vulnerability
 U - a scroll of summoning
Potions
 e - 2 potions of ambrosia
 i - 8 potions of brilliance
 k - 6 potions of agility {@q5 !q}
 m - 4 potions of haste {@q4 !q}
 q - 8 potions of flight
 r - 5 potions of resistance
 t - 4 potions of curing {@q1}
 w - 5 potions of might {@q3 !q}
 x - 2 potions of magic
 F - a potion of heal wounds {@q2}
 Q - 3 potions of cancellation
 Z - a potion of lignification {@q6 !q}
Miscellaneous
 C - a phial of floods
 K - a lamp of fire (inert)
Comestibles
 u - 68 rations
 A - 8 chunks of flesh


   Skills:
 + Level 15.8(13.6) Fighting
 + Level 12.4(10.4) Throwing
 + Level 8.9(7.0) Armour
 + Level 9.9(7.9) Dodging
 - Level 15.0(12.8) Shields
 + Level 16.6(14.4) Unarmed Combat
 - Level 7.5(5.7) Evocations


You had 8 spell levels left.
You knew the following spells:

 Your Spells              Type           Power        Failure   Level  Hunger
a - Blink                 Tloc           N/A          73%         2    ###....
b - Swiftness             Chrm/Air       #.......     73%         2    ###....
c - Passwall              Tmut/Erth      #.......     73%         2    ###....
d - Passage of Golubria   Tloc           N/A          100%        4    #####..
e - Summon Butterflies    Summ           #.......     58%         1    ##.....

Your spell library contained the following spells:

 Spells                   Type           Power        Failure   Level  Hunger
 Animate Skeleton         Necr           N/A          58%         1    ##.....
 Confusing Touch          Hex            #.....       58%         1    ##.....
 Magic Dart               Conj           #...         58%         1    ##.....
 Pain                     Necr           #...         58%         1    ##.....
 Sting                    Conj/Pois      #...         58%         1    ##.....
 Call Imp                 Summ           #.......     73%         2    ###....
 Poisonous Vapours        Pois/Air       #.....       73%         2    ###....
 Slow                     Hex            #.......     73%         2    ###....
 Call Canine Familiar     Summ           #.......     91%         3    ####...
 Confuse                  Hex            #.......     91%         3    ####...
 Conjure Flame            Conj/Fire      #.......     91%         3    ####...
 Gell's Gravitas          Tloc           #.........   91%         3    ####...
 Ignite Poison            Fire/Tmut/Pois #.......     91%         3    ####...
 Mephitic Cloud           Conj/Pois/Air  #.......     91%         3    ####...
 Recall                   Summ/Tloc      N/A          91%         3    ####...
 Regeneration             Chrm/Necr      #.........   91%         3    ####...
 Vampiric Draining        Necr           #.........   91%         3    ####...
 Animate Dead             Necr           N/A          100%        4    #####..
 Cause Fear               Hex            #.........   100%        4    #####..
 Leda's Liquefaction      Hex/Erth       #.........   100%        4    #####..
 Olgreb's Toxic Radiance  Pois           #.......     100%        4    #####..
 Petrify                  Tmut/Erth      #.......     100%        4    #####..
 Summon Ice Beast         Ice/Summ       #.......     100%        4    #####..
 Aura of Abjuration       Summ           #.........   100%        5    ######.
 Bolt of Magma            Conj/Fire/Erth #.........   100%        5    ######.
 Fireball                 Conj/Fire      #.........   100%        5    ######.
 Iskenderun's Battlesphe  Conj/Chrm      #.......     100%        5    ######.
 Lee's Rapid Deconstruct  Erth           #.........   100%        5    ######.
 Metabolic Englaciation   Hex/Ice        #.........   100%        5    ######.
 Silence                  Hex/Air        #.........   100%        5    ######.
 Summon Demon             Summ           #.........   100%        5    ######.
 Summon Forest            Summ/Tloc      #.........   100%        5    ######.
 Summon Mana Viper        Hex/Summ       #.......     100%        5    ######.
 Venom Bolt               Conj/Pois      #.........   100%        5    ######.
 Yara's Violent Unravell  Hex/Tmut       #.........   100%        5    ######.
 Bolt of Fire             Conj/Fire      #.........   100%        6    #######
 Darkness                 Hex            #.........   100%        6    #######
 Deflect Missiles         Chrm/Air       #.........   100%        6    #######
 Invisibility             Hex            #.......     100%        6    #######
 Iron Shot                Conj/Erth      #.........   100%        6    #######
 Poison Arrow             Conj/Pois      #.........   100%        6    #######
 Shadow Creatures         Summ           N/A          100%        6    #######
 Statue Form              Tmut/Erth      #........    100%        6    #######
 Orb of Destruction       Conj           #.........   100%        7    #######
 Ring of Flames           Chrm/Fire      #.........   100%        7    #######
 Spellforged Servitor     Conj/Summ      #.........   100%        7    #######
 Summon Hydra             Summ           #.........   100%        7    #######
 Chain Lightning          Conj/Air       #.........   100%        8    #######
 Discord                  Hex            #.........   100%        8    #######
 Ignition                 Fire           #.........   100%        8    #######
 Lehudib's Crystal Spear  Conj/Erth      #.........   100%        8    #######
 Fire Storm               Conj/Fire      #.........   100%        9    #######
 Glaciate                 Conj/Ice       #.........   100%        9    #######
 Shatter                  Erth           #.........   100%        9    #######


Dungeon Overview and Level Annotations

Branches:
Dungeon (15/15)            Temple (0/1) D:5            Lair (6/6) D:11
 Shoals (4/4) Lair:3       Spider (4/4) Lair:4        Slime (0/5) Lair:6
    Orc (2/2) D:9             Elf (0/3) Orc:2        Vaults (4/5) D:14
  Crypt (0/3) Vaults:3     Depths (0/5) D:15

Altars:
Dithmenos
Kikubaaqudgha
Trog
Vehumet
Xom
Yredelemnul
Jiyva

Shops:
D:6 %:}:   D:10 %   D:12 *   Orc:2 %:[*:   Shoals:1 =   Shoals:3 *   Vaults:1 *
Vaults:2 *   Vaults:3 :   Vaults:4 %

Portals:
Trove: D:10 (give 7 potions of agility)

Annotations:
D:8 2 transporters, mys's ghost, novice CeWr
Lair:1 3 runed translucent doors, Ustoufu's ghost, journeyman OpCK
Lair:5 3 runed translucent doors, Acheron's ghost, journeyman DsAK
Vaults:2 Sojobo
Vaults:4 3 runed translucent doors, exclusion: obsidian statue, Infinimo's ghost, veteran CeHu; Mennas


Innate Abilities, Weirdness & Mutations

You are too large for most types of armour.
You have claws for hands.
Your metabolism is lightning-fast.
You like to eat raw meat.
Your natural rate of healing is unusually fast.
You are covered in fur. (AC +1)
You have extremely tough skin. (AC +3)
You have supernaturally acute eyesight. (SInv)
Your mind is acute. (Int +2)
You are clumsy. (Dex -2)
Armour fits poorly on your strangely shaped body.
You are frail. (-10% HP)
Your magical capacity is low. (-10% MP)
You are resistant to electric shocks. (rElec)
You are weak. (Str -2)


Message History

* * * LOW HITPOINT WARNING * * *
You claw Mennas!
Mennas is heavily wounded.
You are engulfed in blessed fire.
* * * LOW HITPOINT WARNING * * *
You block Mennas's attack. x2
The two-headed ogre is engulfed in blazing flames.
You closely miss Mennas.
Mennas is heavily wounded. "Feel my power!"
The two-headed ogre is outlined in light.
You block Mennas's attack. x2
You closely miss Mennas.
Mennas is heavily wounded.
The two-headed ogre is engulfed in blazing flames.
You kill the two-headed ogre!
The shadow dragon breathes negative energy at you.
The bolt of negative energy hits you!!!
You feel drained.
You die...
Xom snickers!

#..(....# #...(...#
#.......# #.......#
#.☼.)...# #..)....#
#..☼D...# ######○#####
#### #....§@D§.# #...
#....§§§..##########...
#.....§...#........'...
#.....>...#........#...
#.........#........#...
#.........+........#...
#.........#........#...
#.........#........#...
############


You could see a shadow dragon and Mennas the pearl dragon.

Vanquished Creatures
  Frederick (Vaults:4)
  Xtahua (Vaults:2)
  Saint Roka (Vaults:4)
  A lich (Vaults:1)
  Rupert (Vaults:4)
  Agnes (Vaults:4)
  A kraken (Shoals:4)
  Kirke (Lair:6)
  A tengu reaver (Vaults:1)
  4 emperor scorpions
  A frost giant (Vaults:3)
  2 ghost moths (Spider:4)
  7 vault wardens
  An orc warlord (Bailey)
  A ghoul (Vaults:2)
  6 ironheart preservers
  A reaper (IceCv)
  A spriggan defender (Vaults:4)
  7 stone giants
  A very ugly thing (Vaults:4)
  An entropy weaver (Vaults:4)
  A spark wasp (Spider:4)
  2 minotaurs
  The ghost of Ceyroiss the Quickloader, a journeyman HuWn of Dithmenos (Lair:4)
  Azrael (Orc:2)
  4 merfolk javelineers
  A deep elf death mage (Vaults:1)
  8 merfolk impalers
  A fire dragon (Vaults:3)
  An ettin (Vaults:1)
  Snorg (D:13)
  3 great orbs of eyes
  7 hydras
  Erolcha (Orc:1)
  2 yaktaur captains
  Erica (D:8)
  4 merfolk avatars
  7 ogre magi
  7 centaur warriors
  2 alligator snapping turtles
  3 ice dragons
  9 vault guards
  6 merfolk aquamancers
  A tengu warrior (D:15)
  A catoblepas (Lair:6)
  A death yak (Lair:6)
  2 death knights
  29 two-headed ogres
  9 death scarabs
  A shock serpent (Orc:1)
  2 deep elf knights
  7 hell knights (Vaults:3)
  A shadow wraith (Vaults:3)
  5 skeletal warriors
  4 deep trolls (Vaults:4)
  5 unseen horrors
  3 glowing orange brains
  3 wizards
  3 deep elf archers
  A flayed ghost (Vaults:1)
  15 sea snakes
  5 deep elf magi
  3 spectral wolf spiders (Spider:4)
  8 ironbrand convokers
  10 wolf spider zombies
  A lindwurm (Spider:1)
  3 necromancers
  25 orc knights
  21 wolf spiders
  9 harpies
  9 orb spiders
  10 ugly things
  6 manticores
  5 moths of wrath
  5 cyclopes
  5 elephants (Lair:5)
  10 fauns
  5 orc sorcerers
  14 merfolk sirens
  6 black mambas
  6 vault sentinels
  5 water nymphs
  A guardian serpent (D:11)
  5 naga magi
  2 ice statues (IceCv)
  25 spiny frogs
  4 centaur zombies
  2 komodo dragons (shapeshifter)
  A torpor snail (Lair:3)
  A rime drake (Lair:5)
  3 spectral redbacks (Spider:4)
  2 freezing wraiths
  3 komodo dragons
  11 ice devils (IceCv)
  A yaktaur (shapeshifter) (Vaults:3)
  An efreet (D:14)
  23 yaktaurs
  9 demonic crawlers
  4 tengu conjurers
  A hellwing (IceCv)
  24 jumping spiders
  A jumping spider (shapeshifter) (Vaults:2)
  12 redback zombies
  A polar bear (Lair:6)
  33 merfolk
  11 trolls
  2 spectral tarantellas (Spider:4)
  6 tyrant leeches
  6 wind drakes
  13 hornets
  24 blink frogs
  A raiju (D:11)
  2 spectral jumping spiders (Spider:4)
  3 jumping spider zombies (Spider:4)
  A hippogriff (shapeshifter) (Shoals:1)
  7 dream sheep
  10 tarantella zombies
  35 slime creatures
  12 hippogriffs
  A human simulacrum (Vaults:4)
  A raiju (shapeshifter) (Vaults:3)
  53 redbacks
  6 snapping turtles
  Sigmund (D:6)
  A centaur simulacrum (D:15)
  2 vampires
  A shadow (D:14)
  24 tarantellas
  An ettin skeleton (Vaults:4)
  25 water elementals
  A wraith (Vaults:2)
  A hungry ghost (D:7)
  A spriggan (shapeshifter) (Vaults:2)
  5 wyverns
  5 basilisks
  3 fire bats (Lair:6)
  47 yaks
  A fire elemental (Orc:1)
  7 vampire mosquitoes
  A spatial vortex (Vaults:1)
  A spectral spiny frog (Gauntlet)
  3 swamp worms (Gauntlet)
  4 wargs
  4 acid dragons
  14 porcupines
  A soldier ant (Lair:3)
  4 hell hounds (Orc:1)
  5 sky beasts
  A spectral hornet (Spider:4)
  16 water moccasins
  A black bear (shapeshifter) (Vaults:1)
  4 ice beasts
  71 orc warriors
  A necrophage (D:13)
  2 hornet zombies (D:15)
  5 phantoms
  A black bear (D:7)
  22 ogres
  A sky beast (shapeshifter) (D:15)
  An elf zombie (Vaults:4)
  18 centaurs
  13 crocodiles
  4 big kobolds
  33 bullfrogs
  A deep troll simulacrum (Vaults:4)
  A wyvern skeleton (D:13)
  6 scorpions
  17 killer bees
  3 wights
  An electric eel (Spider:2)
  2 howler monkeys (D:11)
  5 crimson imps
  A bullfrog zombie (D:10)
  3 jellies
  A jelly (shapeshifter) (Spider:4)
  A quasit (D:9)
  15 orc priests
  9 hounds
  7 centaur skeletons
  5 iguanas
  30 orc wizards
  9 worker ants
  A hound zombie (D:5)
  2 hound skeletons
  8 mummies (Ossuary)
  A howler monkey zombie (D:8)
  3 worker ant zombies
  22 gnolls
  16 adders
  4 shadow imps
  21 white imps
  2 oozes (D:2)
  4 ufetubi (IceCv)
  An adder zombie (D:5)
  An adder skeleton (D:9)
  2 worms
  9 leopard geckos
  114 orcs
  7 giant cockroaches
  A gnoll zombie (Ossuary)
  26 goblins
  22 hobgoblins
  14 jackals
  9 quokkas
  2 ball pythons
  8 bats
  6 frilled lizards
  2 hobgoblin zombies (Ossuary)
  45 kobolds
  2 kobold zombies (Ossuary)
  3 orc zombies (Ossuary)
  A quokka skeleton (D:6)
  A quokka zombie (D:7)
  7 rats
  A crawling corpse (Vaults:2)
  A fire vortex (D:2)
  A fungus (Lair:6)
  3 plants
1590 creatures vanquished.

Vanquished Creatures (collateral kills)
  An emperor scorpion (Spider:4)
  A deep elf death mage (Vaults:2)
  A two-headed ogre (D:15)
  3 harpies (Shoals:3)
  A yaktaur (Vaults:1)
  A jumping spider (Spider:4)
  2 hornets (Spider:4)
  A slime creature (D:15)
  A tarantella zombie (Spider:4)
  2 blink frogs (Lair:6)
  3 redbacks
  2 tarantellas
  4 orc warriors
  A sky beast (D:15)
  A killer bee (D:6)
  An orc wizard (D:12)
  A worker ant zombie (D:8)
  An adder (D:3)
  A leopard gecko (D:6)
  2 orcs (Bailey)
  7 goblins
  A crawling corpse (Vaults:2)
  A fungus (Lair:1)
  A plant (Shoals:1)
41 creatures vanquished.

Vanquished Creatures (others)
  A tengu reaver (Vaults:2)
  5 merfolk javelineers
  A spark wasp (Spider:4)
  2 yaktaur captains
  2 centaur warriors
  2 dancing weapons (Vaults:3)
  2 satyrs (Shoals:2)
  2 deep elf archers
  3 fauns
  3 cyclopes
  A manticore (Shoals:3)
  A hornet (Spider:4)
  A torpor snail (Spider:4)
  7 yaktaurs
  3 merfolk
  7 humans (Lair:6)
  A meliai zombie (D:15)
  A basilisk (Lair:6)
  A vampire mosquito (Lair:6)
  A swamp worm (Gauntlet)
  3 orc warriors
  An ogre (Vaults:4)
  15 centaurs
  A bullfrog (Lair:6)
  A scorpion (D:11)
  4 white imps (IceCv)
  An ufetubus (IceCv)
  9 orcs
  2 kobolds (D:14)
  A bush (Lair:3)
  A fire vortex (D:2)
  16 fungi
  70 plants
  8 tentacles (Shoals:4)
  14 withered plants (Gauntlet)
194 creatures vanquished.

Grand Total: 1825 creatures vanquished

Notes
Turn   | Place    | Note
-------+----------+-------------------------------------------
     0 | D:1      | EnegeticOcto the Troll Chaos Knight began the quest for the
                  | Orb.
     0 | D:1      | Reached XP level 1. HP: 22/22 MP: 0/0
    22 | D:1      | XOM: potion effect (curing)
    24 | D:1      | Reached XP level 2. HP: 28/29 MP: 1/1
   106 | D:1      | XOM: harmless Ice miscast
   107 | D:1      | Reached skill level 4 in Unarmed Combat
   177 | D:1      | Reached XP level 3. HP: 36/36 MP: 2/2
   628 | D:1      | XOM: cloud trail
   861 | D:2      | XOM is BORED!
   861 | D:2      | XOM: harmless Ice miscast
   994 | D:2      | XOM is BORED!
   994 | D:2      | XOM: harmless Tloc miscast
  1028 | D:2      | Reached XP level 4. HP: 16/44 MP: 0/3
  1088 | D:2      | Reached skill level 5 in Unarmed Combat
  1179 | D:2      | XOM: harmless Erth miscast
  1221 | D:2      | XOM: silly message
  1307 | D:2      | XOM: mild Pois miscast
  1502 | D:2      | XOM: mild Fire miscast
  1560 | D:2      | XOM: god gift: 21 arrows
  1739 | D:3      | Noticed a centaur
  1750 | D:3      | Killed a centaur
  1750 | D:3      | Reached skill level 6 in Unarmed Combat
  1750 | D:3      | Reached XP level 5. HP: 25/50 MP: 2/4
  1964 | D:3      | XOM: god gift: scroll labeled BUXZIO UNAMIFO {god gift}
  2404 | D:4      | XOM: stealth player
  2404 | D:4      | Noticed a phantom
  2448 | D:4      | Reached XP level 6. HP: 58/59 MP: 5/5
  2454 | D:4      | Found a sand-covered staircase.
  2457 | D:4      | Noticed an ice beast
  2467 | D:4      | Killed an ice beast
  2467 | D:4      | Reached skill level 1 in Shields
  2471 | Ossuary  | Entered an ossuary
  2501 | Ossuary  | XOM: mild Tmut miscast
  2509 | Ossuary  | Reached skill level 7 in Unarmed Combat
  2775 | D:4      | Reached XP level 7. HP: 66/66 MP: 6/6
  3089 | D:4      | XOM: summons 2 friendly demons
  3106 | D:4      | XOM: god gift: hand crossbow {god gift}
  3324 | D:5      | Entered Level 5 of the Dungeon
  3328 | D:5      | Found a staircase to the Ecumenical Temple.
  3458 | D:5      | Reached skill level 8 in Unarmed Combat
  3623 | D:5      | Reached XP level 8. HP: 70/74 MP: 7/7
  4155 | D:5      | Found a bloodstained altar of Trog.
  4294 | D:6      | Found Moank's Gadget Shoppe.
  4300 | D:6      | Noticed a hornet
  4302 | D:6      | XOM: harmless Summ miscast
  4302 | D:6      | Paralysed by a hornet for 3 turns
  4313 | D:6      | Killed a hornet
  4313 | D:6      | Reached skill level 9 in Unarmed Combat
  4334 | D:6      | Reached skill level 5 in Shields
  4348 | D:6      | Found a shadowy altar of Dithmenos.
  4398 | D:6      | XOM: divination: magic mapping
  4444 | D:6      | XOM: confuse monster(s)
  4452 | D:6      | XOM: summons 2 friendly demons
  4455 | D:6      | Noticed a troll
  4467 | D:6      | XOM: blink monster(s)
  4474 | D:6      | XOM: harmless Ice miscast
  4478 | D:6      | XOM: enchant monster (good)
  4481 | D:6      | Killed a troll
  4481 | D:6      | Reached XP level 9. HP: 39/80 MP: 1/8
  4491 | D:6      | XOM: cast spell 'Olgreb's Toxic Radiance'
  4500 | D:6      | XOM: summons friendly shadow imp
  4513 | D:6      | Reached skill level 10 in Unarmed Combat
  4589 | D:6      | XOM: divination: detect creatures
  4661 | D:6      | XOM: cast spell 'Summon Mana Viper'
  4679 | D:5      | XOM: divination: detect creatures
  4848 | D:6      | Noticed Sigmund
  4849 | D:6      | Found Ditaelli's Book Emporium.
  4852 | D:6      | Killed Sigmund
  4875 | D:6      | XOM: harmless Tloc miscast
  4965 | D:6      | Found Yteabruom's Food Emporium.
  5183 | D:6      | Found Rioliwit's Book Boutique.
  5445 | D:7      | XOM: medium Tloc miscast
  5686 | D:7      | XOM: enchant monster (good)
  5781 | D:7      | Reached skill level 5 in Fighting
  6018 | D:8      | Noticed Joseph
  6026 | D:8      | Noticed Joseph
  6026 | D:8      | Joseph changed into Joseph the crocodile
  6026 | D:8      | XOM: polymorph Joseph -> Joseph the crocodile
  6032 | D:8      | Killed Joseph the crocodile
  6044 | D:8      | Noticed mys's ghost (novice CeWr)
  6047 | D:8      | Found a transporter.
  6051 | D:8      | Noticed Erica
  6055 | D:8      | XOM: butterfly on damage
  6066 | D:8      | HP: 3/88 [something (8)]
  6067 | D:8      | HP: 1/88 [worker ant (5)]
  6077 | D:8      | Reached XP level 10. HP: 20/96 MP: 9/9
  6078 | D:8      | Killed Erica
  6185 | D:8      | XOM: summons friendly white imp
  6194 | D:8      | XOM: summons friendly white imp
  6196 | D:8      | XOM: polymorph white imp -> iron imp
  6201 | D:8      | XOM: cast spell 'Summon Small Mammal'
  6482 | D:8      | Found a transporter.
  6550 | D:8      | XOM: medium Tloc miscast
  6742 | D:9      | XOM: noise
  6781 | D:9      | Found a staircase to the Orcish Mines.
  6850 | D:9      | XOM: harmless Fire miscast
  6960 | D:9      | XOM: potion effect (agility)
  7350 | D:9      | XOM: mild Necr miscast
  7489 | D:10     | Entered Level 10 of the Dungeon
  7506 | D:9      | XOM: enchant monster (bad)
  7548 | D:10     | Noticed a two-headed ogre
  7660 | D:10     | XOM: swap monsters
  7668 | D:10     | XOM: enchant monster (bad)
  7669 | D:10     | XOM: mild Summ miscast
  7824 | D:10     | Noticed an unseen horror
  7839 | D:10     | Killed an unseen horror
  7854 | D:10     | Noticed a two-headed ogre
  7860 | D:10     | Killed a two-headed ogre
  7873 | D:10     | Noticed a cyclops
  7877 | D:10     | Killed a cyclops
  7877 | D:10     | Reached XP level 11. HP: 109/109 MP: 10/10
  7890 | D:10     | Killed a two-headed ogre
  7957 | D:10     | XOM: harmless Tmut miscast
  8270 | D:10     | Found Effy's Food Shop.
  8331 | D:10     | Found a portal to a secret trove of treasure.
  8395 | D:11     | Found a staircase to the Lair.
  8415 | D:11     | XOM: potion effect (agility)
  8431 | D:11     | Found a flagged portal.
  8440 | Bailey   | Entered a bailey
  8558 | Bailey   | XOM: cast spell 'Summon Mana Viper'
  8585 | Bailey   | XOM: cast spell 'Summon Mana Viper'
  8595 | Bailey   | XOM: harmless Hex miscast
  8669 | Bailey   | Noticed an orc warlord
  8686 | Bailey   | XOM: smoke on damage
  8710 | Bailey   | Killed an orc warlord
  8710 | Bailey   | Reached skill level 10 in Shields
  8711 | Bailey   | XOM: confuse monster(s)
  8755 | Bailey   | Reached XP level 12. HP: 37/122 MP: 11/11
  8762 | Bailey   | Identified a scroll of acquirement
  8792 | Bailey   | XOM: medium Hex miscast
  9008 | D:11     | XOM: confuse monster(s)
  9038 | D:11     | XOM: silly message
  9048 | D:11     | XOM: enchant monster (bad)
  9051 | D:11     | XOM: swap monsters
  9131 | D:11     | XOM: polymorph red ugly thing -> purple ugly thing
  9137 | D:11     | XOM: harmless Hex miscast
  9139 | D:11     | XOM: severe Pois miscast
  9140 | D:11     | XOM: destruction
  9461 | D:11     | XOM: god gift: 15 gold pieces
  9699 | D:11     | XOM: polymorph yak -> polar bear
  9703 | D:11     | XOM: destruction
  9715 | D:11     | XOM: cast spell 'Metabolic Englaciation'
  9882 | D:11     | XOM: polymorph unseen horror -> raiju
  9903 | D:11     | XOM: polymorph polar bear -> guardian serpent
 10047 | D:11     | XOM: cloud trail
 10116 | Lair:1   | Entered Level 1 of the Lair of Beasts
 10116 | Lair:1   | Found a shadowy altar of Dithmenos.
 10176 | Lair:1   | XOM: enchant monster (bad)
 10207 | Lair:1   | You fall through a shaft!
 10214 | Lair:2   | XOM: enchant monster (good)
 10217 | Lair:2   | XOM: divination: magic mapping
 10218 | Lair:2   | Reached skill level 1 in Evocations
 10627 | Lair:1   | Noticed an eight-headed hydra
 10628 | Lair:1   | Found a runed translucent gate.
 10628 | Lair:1   | Found a runed translucent gate.
 10628 | Lair:1   | Noticed Ustoufu's ghost (journeyman OpCK)
 10641 | Lair:1   | Found a runed translucent gate.
 10840 | Lair:1   | XOM: summons 4 friendly demons
 10900 | Lair:2   | Noticed a five-headed hydra
 10910 | Lair:2   | Killed a five-headed hydra
 10910 | Lair:2   | Reached XP level 13. HP: 131/131 MP: 13/13
 10986 | Lair:2   | Learned a level 2 spell: Blink
 11114 | Lair:2   | Reached skill level 1 in Armour
 11174 | Lair:2   | XOM: summons friendly quasit
 11483 | Lair:2   | XOM: god gift: glowing longbow {god gift}
 11840 | Lair:3   | XOM: mild Tmut miscast
 11850 | Lair:3   | XOM: mild Fire miscast
 11923 | Lair:3   | XOM: polymorph yak -> soldier ant
 12130 | Lair:3   | XOM: cast spell 'Death Channel'
 12139 | Lair:3   | XOM: silly message
 12383 | Lair:3   | Found a staircase to the Shoals.
 12561 | Lair:3   | XOM: cloud trail
 12779 | Lair:4   | XOM: divination: detect items
 12801 | Lair:4   | XOM: mild Fire miscast
 12868 | Lair:4   | XOM: cast spell 'Shadow Creatures'
 12876 | Lair:4   | XOM: confuse monster(s)
 12896 | Lair:4   | Reached skill level 10 in Fighting
 12942 | Lair:4   | Found a runed translucent door.
 12942 | Lair:4   | Noticed Ceyroiss's ghost (journeyman HuWn)
 12947 | Lair:4   | XOM: enchant monster (bad)
 12983 | Lair:4   | XOM: confusion (+ monsters)
 12989 | Lair:4   | XOM: mild Hex miscast
 12996 | Lair:4   | XOM: blink monster(s)
 13000 | Lair:4   | Killed Ceyroiss's ghost
 13012 | Lair:4   | Learned a level 2 spell: Swiftness
 13015 | Lair:4   | Learned a level 2 spell: Passwall
 13020 | Lair:4   | Learned a level 4 spell: Passage of Golubria
 13055 | Lair:4   | XOM: scenery: create altars
 13116 | Lair:4   | XOM: potion effect (brilliance)
 13118 | Lair:4   | XOM: harmless Tmut miscast
 13129 | Lair:4   | Reached skill level 11 in Unarmed Combat
 13203 | Lair:4   | XOM: destruction
 13209 | Lair:4   | XOM: cleaving
 13415 | Lair:4   | Found a hole to the Spider Nest.
 13757 | Lair:5   | Found a frozen archway.
 13772 | Lair:5   | XOM: swap monsters
 13810 | IceCv    | Entered an ice cave
 13874 | IceCv    | XOM: enchant monster (bad)
 14054 | IceCv    | XOM: polymorph ice devil -> hellwing
 14073 | IceCv    | Noticed a reaper
 14083 | IceCv    | XOM: summons friendly white imp
 14138 | IceCv    | XOM: summons 3 friendly demons
 14149 | IceCv    | XOM: noise
 14151 | IceCv    | XOM: divination: magic mapping
 14156 | IceCv    | Killed a reaper
 14158 | IceCv    | XOM: confuse monster(s)
 14165 | IceCv    | XOM: harmless Erth miscast
 14414 | Lair:5   | Found a runed translucent gate.
 14415 | Lair:5   | Found a runed translucent gate.
 14416 | Lair:5   | Found a runed translucent gate.
 14416 | Lair:5   | Noticed Acheron's ghost (journeyman DsAK)
 14632 | Lair:5   | XOM: noise
 14635 | Lair:5   | XOM: divination: detect creatures
 14640 | Lair:5   | XOM: harmless Erth miscast
 14734 | Lair:5   | XOM: cleaving
 14767 | Lair:5   | XOM: god gift: scale mail {god gift}
 14777 | Lair:5   | XOM: fake destruction
 14781 | Lair:5   | XOM: scenery: create altars
 14788 | Lair:5   | Reached XP level 14. HP: 144/144 MP: 16/16
 14802 | Lair:5   | XOM: confuse monster(s)
 14986 | Lair:6   | Entered Level 6 of the Lair of Beasts
 15016 | Lair:6   | Reached skill level 1 in Throwing
 15023 | Lair:6   | XOM: cast spell 'Summon Horrible Things'
 15078 | Lair:6   | XOM: enchant monster (bad)
 15187 | Lair:6   | Noticed Kirke
 15188 | Lair:6   | XOM: enchant monster (good)
 15203 | Lair:6   | Killed Kirke
 15221 | Lair:6   | XOM: blink monster(s)
 15316 | Lair:6   | Found a viscous altar of Jiyva.
 15317 | Lair:6   | Found a staircase to the Slime Pits.
 15341 | Lair:6   | XOM: smoke on damage
 15342 | Lair:6   | XOM: cleaving
 15414 | Lair:6   | XOM: fake destruction
 15423 | Lair:6   | XOM: cleaving
 15430 | Lair:6   | XOM: fog
 15439 | Lair:6   | XOM: divination: magic mapping
 15440 | Lair:6   | XOM: divination: detect creatures
 15774 | Lair:6   | XOM: cast spell 'Ring of Flames'
 15802 | Lair:6   | Reached skill level 5 in Armour
 15802 | Lair:6   | Reached skill level 5 in Evocations
 16246 | Lair:6   | Reached skill level 12 in Unarmed Combat
 16259 | Lair:6   | XOM: swap monsters
 16264 | Lair:6   | XOM: noise
 16273 | Lair:6   | XOM: blink monster(s)
 16327 | Lair:6   | Identified the +3 spear "Innon" {pierce, Int+4} (You found
                  | it on level 6 of the Lair of Beasts)
 16332 | Lair:6   | XOM: potion effect (brilliance)
 16350 | Lair:6   | XOM: god gift: hardcover book {god gift}
 16411 | Lair:6   | XOM: cast spell 'Cause Fear'
 17116 | Lair:5   | XOM: god gift: ration
 17205 | D:12     | Found a gate leading to a gauntlet.
 17214 | Gauntlet | Entered a Gauntlet
 17214 | Gauntlet | Found a transporter.
 17214 | Gauntlet | Found a transporter.
 17214 | Gauntlet | Found a transporter.
 17215 | Gauntlet | Found a transporter.
 17218 | Gauntlet | Found a transporter.
 17223 | Gauntlet | XOM: mild Tmut miscast
 17239 | Gauntlet | Found a transporter.
 17240 | Gauntlet | Found a transporter.
 17299 | Gauntlet | Found a transporter.
 17309 | Gauntlet | Found a transporter.
 17324 | Gauntlet | Found a transporter.
 17338 | Gauntlet | Found a transporter.
 17348 | Gauntlet | XOM: harmless Necr miscast
 17349 | Gauntlet | Found a transporter.
 17436 | Gauntlet | XOM: potion effect (invisibility)
 17637 | Gauntlet | XOM: harmless Summ miscast
 17894 | Gauntlet | XOM: harmless Tmut miscast
 17904 | Gauntlet | Got a warped shield
 17915 | Gauntlet | Identified the +2 shield of Idealism {Regen+ rCorr Stlth+}
                  | (You acquired it in a Gauntlet)
 18007 | Gauntlet | Identified the +8 war axe "Zioddyrch" {pain, rPois Int+6
                  | Dex+3}
 18014 | Gauntlet | XOM: smoke on damage
 18077 | D:12     | XOM: harmless Summ miscast
 18099 | D:12     | XOM: fake destruction
 18104 | D:12     | XOM: cast spell 'Shadow Creatures'
 18457 | D:12     | XOM: 6-stop teleportation journey
 18488 | D:12     | XOM: fog
 18499 | D:12     | XOM: summons 11 friendly demons
 18592 | D:12     | Reached XP level 15. HP: 143/154 MP: 18/18
 18667 | D:12     | Found Lopanute's General Store.
 18677 | D:12     | Bought a potion of might for 56 gold pieces
 18677 | D:12     | Bought a potion of curing for 42 gold pieces
 18677 | D:12     | Bought a scroll of teleportation for 42 gold pieces
 18677 | D:12     | Bought a potion of heal wounds for 70 gold pieces
 19127 | D:13     | Noticed Snorg
 19142 | D:13     | Killed Snorg
 19770 | D:13     | XOM: scenery: 1 doors close
 19861 | D:13     | Found a shimmering altar of Xom.
 19862 | D:13     | Found a shimmering altar of Xom.
 19862 | D:13     | Found a shimmering altar of Xom.
 19862 | D:13     | Found a shimmering altar of Xom.
 19862 | D:13     | Found a shimmering altar of Xom.
 19862 | D:13     | Found a shimmering altar of Xom.
 19862 | D:13     | Found a shimmering altar of Xom.
 19862 | D:13     | Found a shimmering altar of Xom.
 19862 | D:13     | Found a shimmering altar of Xom.
 19868 | D:13     | XOM: harmless Pois miscast
 20061 | D:14     | XOM: harmless Chrm miscast
 20194 | D:14     | Found a gate to the Vaults.
 20236 | D:14     | XOM: polymorph vault guard -> eight-headed hydra
 20242 | D:14     | XOM: cast spell 'Monstrous Menagerie'
 20262 | D:14     | XOM: 9-stop teleportation journey
 20324 | D:14     | XOM: scenery: 1 doors open
 20393 | D:13     | XOM: give mutation
 20393 | D:13     | Gained mutation: Your flesh is cold resistant. (rC+) [Xom's
                  | grace]
 20475 | D:14     | XOM: 8-stop teleportation journey
 20478 | D:14     | XOM: fake destruction
 20601 | D:14     | XOM: 8-stop teleportation journey
 20614 | D:14     | XOM: give mutations
 20614 | D:14     | Gained mutation: Scrolls take you a little longer to read.
                  | [Xom's mischief]
 20614 | D:14     | Gained mutation: You are weak. (Str -2) [Xom's mischief]
 20681 | D:14     | XOM: blink monster(s)
 20745 | D:14     | XOM: enchant monster (bad)
 20756 | D:14     | XOM: scenery: create altars
 20758 | D:14     | XOM: repel stairs
 20767 | D:14     | XOM: summons 4 hostile shadow creatures
 20773 | D:14     | XOM: swap monsters
 20879 | D:14     | XOM: noise
 20912 | D:14     | XOM: harmless Hex miscast
 20915 | D:14     | XOM: give mutations
 20915 | D:14     | Gained mutation: Your system is resistant to poisons.
                  | (rPois) [Xom's mischief]
 20915 | D:14     | Gained mutation: Your magical capacity is low. (-10% MP)
                  | [Xom's mischief]
 20915 | D:14     | Gained mutation: Scrolls take you longer to read. [Xom's
                  | mischief]
 20922 | D:14     | XOM: mild Erth miscast
 20973 | D:14     | XOM: summons 7 hostile demons
 21146 | Orc:1    | Entered Level 1 of the Orcish Mines
 21247 | Orc:1    | Reached skill level 13 in Unarmed Combat
 21348 | Orc:1    | XOM: 3-stop teleportation journey
 21399 | Orc:1    | Noticed Erolcha
 21402 | Orc:1    | Killed Erolcha
 21415 | Orc:1    | XOM: give mutations
 21415 | Orc:1    | Gained mutation: You are very weak. (Str -4) [Xom's
                  | mischief]
 21415 | Orc:1    | Lost mutation: Your flesh is cold resistant. (rC+) [Xom's
                  | mischief]
 21415 | Orc:1    | Gained mutation: Your body sometimes deteriorates upon
                  | taking damage. [Xom's mischief]
 21415 | Orc:1    | Gained mutation: Potions are less effective at restoring
                  | your health. [Xom's mischief]
 21477 | Orc:1    | XOM: summons 3 hostile shadow creatures
 21493 | Orc:1    | XOM: 1-stop teleportation journey
 21686 | Orc:2    | Entered Level 2 of the Orcish Mines
 22121 | Orc:1    | XOM: enchant monster (bad)
 22335 | Orc:1    | XOM: harmless Ice miscast
 22348 | Orc:1    | XOM: noise
 22474 | Orc:2    | XOM: noise
 22475 | Orc:2    | XOM: harmless Hex miscast
 22482 | Orc:2    | XOM: polymorph orc knight -> shock serpent
 22488 | Orc:2    | XOM: smoke on damage
 22649 | Orc:2    | Noticed Azrael
 22660 | Orc:1    | XOM: summons 7 hostile demons
 22664 | Orc:1    | XOM: enchant monster (good)
 22667 | Orc:1    | XOM: mild Conj miscast
 22675 | Orc:1    | Lost intelligence.
 22711 | Orc:1    | Lost mutation: Potions are less effective at restoring your
                  | health. [potion of mutation]
 22711 | Orc:1    | Lost mutation: You are very weak. (Str -4) [potion of
                  | mutation]
 22711 | Orc:1    | Gained mutation: Your magical capacity is very low. (-20%
                  | MP) [potion of mutation]
 22711 | Orc:1    | Lost mutation: You are weak. (Str -2) [potion of mutation]
 22775 | Orc:2    | XOM: god gift: scroll of blinking
 22776 | Orc:2    | XOM: blink monster(s)
 22883 | Orc:2    | Found Fecet's Book Shop.
 22883 | Orc:2    | Found Toadinaek's Antique Armour Shoppe.
 22883 | Orc:2    | XOM: 4-stop teleportation journey
 22897 | Orc:2    | XOM: summons friendly iron imp
 22954 | Orc:1    | Lost mutation: Your magical capacity is very low. (-20% MP)
                  | [potion of mutation]
 22954 | Orc:1    | Lost mutation: Scrolls take you longer to read. [potion of
                  | mutation]
 22954 | Orc:1    | Gained mutation: Your muscles are strong. (Str +2) [potion
                  | of mutation]
 22954 | Orc:1    | Gained mutation: You occasionally shout uncontrollably at
                  | your foes. [potion of mutation]
 22954 | Orc:1    | Gained mutation: You have large cloven feet. [potion of
                  | mutation]
 22954 | Orc:1    | Gained mutation: You are resistant to electric shocks.
                  | (rElec) [potion of mutation]
 22969 | Orc:2    | XOM: enchant monster (bad)
 22999 | Orc:2    | Killed Azrael
 23187 | Orc:2    | Found a staircase to the Elven Halls.
 23208 | Orc:2    | Found Peusen's Book Boutique.
 23315 | Orc:2    | Found Cocsarhe's Food Boutique.
 23317 | Orc:2    | Found Tuxer's Assorted Antiques.
 23436 | Orc:2    | Bought a scroll of teleportation for 93 gold pieces
 23436 | Orc:2    | Bought a scroll of fear for 108 gold pieces
 23436 | Orc:2    | Bought a potion of curing for 93 gold pieces
 23436 | Orc:2    | Bought a scroll of fear for 108 gold pieces
 23436 | Orc:2    | Bought a runed blowgun for 170 gold pieces
 23449 | Orc:2    | XOM: give mutations
 23449 | Orc:2    | Gained mutation: You possess an exceptional clarity of
                  | mind. [Xom's mischief]
 23449 | Orc:2    | Gained mutation: You heal very quickly. [Xom's mischief]
 23449 | Orc:2    | Lost mutation: You possess an exceptional clarity of mind.
                  | [Xom's mischief]
 23766 | Shoals:1 | Entered Level 1 of the Shoals
 23856 | Shoals:1 | XOM: summons friendly quasit
 24019 | Shoals:1 | XOM: polymorph harpy -> shapeshifter
 24103 | Shoals:1 | Found Wuiloqas's Jewellery Shoppe.
 24124 | Shoals:1 | Bought a +4 ring of intelligence for 297 gold pieces
 24134 | Shoals:1 | XOM: destruction
 24136 | Shoals:1 | Reached XP level 16. HP: 165/165 MP: 18/18
 24156 | Shoals:1 | XOM: summons 14 friendly demons
 24232 | Shoals:1 | XOM: 5-stop teleportation journey
 24351 | Shoals:1 | XOM: divination: detect items
 24359 | Shoals:1 | XOM: summons friendly shadow imp
 24430 | Shoals:1 | XOM: summons 1 hostile demon
 24468 | Shoals:2 | XOM: noise
 24528 | Shoals:2 | XOM: 1-stop teleportation journey
 24534 | Shoals:2 | XOM: divination: detect creatures
 24538 | Shoals:2 | XOM: harmless Fire miscast
 24542 | Shoals:2 | XOM: 1-stop teleportation journey
 24544 | Shoals:2 | XOM: blink monster(s)
 24637 | Shoals:2 | XOM: harmless Necr miscast
 24660 | Shoals:2 | XOM: enchant monster (bad)
 24753 | Shoals:2 | XOM: enchant monster (good)
 24789 | Shoals:2 | XOM: cast spell 'Shadow Creatures'
 24810 | Shoals:2 | XOM: smoke on damage
 24947 | Shoals:2 | XOM: divination: detect creatures
 25186 | Shoals:3 | XOM: potion effect (invisibility)
 25192 | Shoals:3 | Reached skill level 5 in Throwing
 25221 | Shoals:3 | XOM: cast spell 'Disjunction'
 25239 | Shoals:3 | XOM: harmless Erth miscast
 25382 | Shoals:3 | Lost mutation: Your system is resistant to poisons. (rPois)
                  | [potion of mutation]
 25382 | Shoals:3 | Lost mutation: Your magical capacity is low. (-10% MP)
                  | [potion of mutation]
 25382 | Shoals:3 | Lost mutation: You heal very quickly. [potion of mutation]
 25382 | Shoals:3 | Lost mutation: Your body sometimes deteriorates upon taking
                  | damage. [potion of mutation]
 25382 | Shoals:3 | Gained mutation: Scrolls take you longer to read. [potion
                  | of mutation]
 25382 | Shoals:3 | Lost mutation: Your muscles are strong. (Str +2) [potion of
                  | mutation]
 25382 | Shoals:3 | Gained mutation: Your system is resistant to poisons.
                  | (rPois) [potion of mutation]
 25684 | Shoals:3 | XOM: enchant monster (good)
 25693 | Shoals:2 | XOM: cast spell 'Alistair's Intoxication'
 25701 | Shoals:2 | XOM: confusion (+ monsters)
 25852 | Shoals:2 | XOM: divine lightning
 26062 | Shoals:3 | XOM: potion effect (agility)
 26178 | Shoals:3 | XOM: mild Pois miscast
 26294 | Shoals:3 | Found Naarr's Needful Niceties.
 26368 | Shoals:3 | XOM: medium Summ miscast
 26479 | Shoals:3 | XOM: swap monsters
 26512 | Shoals:4 | Entered Level 4 of the Shoals
 26517 | Shoals:4 | XOM: summons 3 friendly demons
 26556 | Shoals:2 | XOM: 1-stop teleportation journey
 26639 | Shoals:2 | XOM: polymorph faun -> shapeshifter
 26889 | Spider:1 | Entered Level 1 of the Spider Nest
 26961 | Spider:1 | XOM: polymorph tarantella -> lindwurm
 26998 | Spider:1 | XOM: cloud trail
 27134 | Spider:1 | XOM: summons friendly rust devil
 27305 | Spider:1 | XOM: scenery: create altars
 27610 | Spider:1 | XOM: fog
 27727 | Spider:1 | Reached XP level 17. HP: 178/178 MP: 21/21
 27771 | Spider:2 | XOM: scenery: create altars
 27884 | Spider:2 | XOM: fog
 28164 | Spider:2 | XOM: scenery: create altars
 28170 | Spider:3 | XOM: stealth player
 28172 | Spider:3 | XOM: summons 12 friendly demons
 28338 | Spider:3 | XOM: scenery: create altars
 28624 | Spider:3 | XOM: mild Hex miscast
 28701 | Spider:3 | Learned a level 1 spell: Summon Butterflies
 28730 | Spider:3 | XOM: confuse monster(s)
 28899 | Spider:3 | XOM: 1-stop teleportation journey
 28905 | Spider:3 | XOM: divination: detect creatures
 28906 | Spider:3 | XOM: swap monsters
 29219 | Spider:3 | XOM: silly message
 29351 | Spider:3 | XOM: harmless Tmut miscast
 29409 | Spider:3 | Paralysed by a hornet for 3 turns
 29747 | Spider:4 | Entered Level 4 of the Spider Nest
 29936 | Spider:4 | XOM: harmless Chrm miscast
 30333 | Spider:4 | XOM: mild Summ miscast
 30379 | Spider:4 | XOM: silly message
 30405 | Spider:4 | XOM: chaos cloud
 30406 | Spider:4 | XOM: polymorph tarantella -> manticore
 30411 | Spider:4 | XOM: confusion (+ monsters)
 30424 | Spider:4 | XOM: polymorph something unseen -> shapeshifter
 30442 | Spider:4 | XOM: potion effect (might)
 30443 | Spider:4 | XOM: enchant monster (good)
 30629 | Spider:3 | XOM: mild Chrm miscast
 30681 | Spider:4 | XOM: confuse monster(s)
 30736 | Spider:4 | XOM: enchant monster (bad)
 30757 | Spider:4 | XOM: mild Tmut miscast
 30900 | Spider:4 | XOM: scenery: create altars
 30916 | Spider:4 | XOM: cleaving
 30922 | Spider:4 | XOM: scenery: create altars
 30923 | Spider:4 | XOM: summons 3 friendly demons
 30970 | Spider:4 | XOM: destruction
 31076 | Spider:4 | Reached skill level 14 in Unarmed Combat
 31099 | Spider:4 | XOM: confuse monster(s)
 31106 | Spider:4 | XOM: summons friendly chaos spawn
 31113 | Spider:4 | XOM: god gift: 19 sling bullets
 31114 | Spider:4 | XOM: 1-stop teleportation journey
 31231 | Spider:4 | XOM: 1-stop teleportation journey
 31261 | Spider:4 | XOM: noise
 31336 | Spider:4 | XOM: give mutation
 31336 | Spider:4 | Gained mutation: You are weak. (Str -2) [Xom's mischief]
 31337 | Spider:4 | XOM: enchant monster (bad)
 31414 | Spider:4 | XOM: summons 4 hostile shadow creatures
 31417 | Spider:4 | XOM: smoke on damage
 31626 | Spider:4 | XOM: mild Erth miscast
 31774 | Spider:4 | XOM: fog
 31844 | Spider:4 | XOM: noise
 31927 | Spider:4 | Got a gossamer rune of Zot
 31939 | Spider:4 | XOM: god gift: dented copper amulet {god gift}
 32256 | Shoals:4 | XOM: fog
 32362 | Shoals:4 | XOM: summons friendly shadow imp
 32363 | Shoals:4 | XOM: harmless Ice miscast
 32364 | Shoals:4 | XOM: noise
 32466 | Shoals:3 | XOM: summons 3 friendly demons
 32471 | Shoals:3 | Reached XP level 18. HP: 183/189 MP: 22/22
 32668 | Shoals:4 | XOM: summons friendly white imp
 32765 | Shoals:4 | XOM: mild Ice miscast
 32769 | Shoals:4 | Identified the +3 leather armour of the Hart {MR+}
 32777 | Shoals:4 | Found Zuino's Magic Scroll Shoppe.
 32797 | Shoals:4 | Reached skill level 15 in Shields
 33118 | Shoals:4 | Identified the +6 scimitar "Didyng" {pain, Str+4}
 33151 | Shoals:4 | XOM: noise
 33235 | Shoals:4 | XOM: give mutations
 33235 | Shoals:4 | Lost mutation: Your system is resistant to poisons. (rPois)
                  | [Xom's mischief]
 33235 | Shoals:4 | Lost mutation: You are weak. (Str -2) [Xom's mischief]
 33235 | Shoals:4 | Lost mutation: Scrolls take you longer to read. [Xom's
                  | mischief]
 33239 | Shoals:4 | XOM: enchant monster (good)
 33241 | Shoals:4 | XOM: confuse monster(s)
 33256 | Shoals:4 | XOM: torment (79/189 hp)
 33459 | Shoals:4 | XOM: harmless Air miscast
 33463 | Shoals:4 | XOM: noise
 33668 | Shoals:4 | Got a barnacled rune of Zot
 33696 | Shoals:4 | XOM: summons friendly quasit
 34134 | D:15     | Entered Level 15 of the Dungeon
 34175 | D:15     | XOM: give mutations
 34175 | D:15     | Lost mutation: You occasionally shout uncontrollably at
                  | your foes. [Xom's mischief]
 34175 | D:15     | Lost mutation: Scrolls take you a little longer to read.
                  | [Xom's mischief]
 34175 | D:15     | Gained mutation: You have supernaturally acute eyesight.
                  | (SInv) [Xom's mischief]
 34175 | D:15     | Gained mutation: You occasionally shout uncontrollably at
                  | your foes. [Xom's mischief]
 34224 | D:15     | XOM: swap monsters
 34241 | D:15     | Reached skill level 10 in Throwing
 34340 | D:15     | XOM: enchant monster (bad)
 34424 | D:15     | Reached skill level 15 in Unarmed Combat
 34429 | D:15     | XOM: harmless Fire miscast
 34455 | D:15     | XOM: harmless Tloc miscast
 34460 | D:15     | Found a staircase to the Depths.
 34580 | D:15     | XOM: medium Chrm miscast
 34688 | D:15     | XOM: summons friendly shadow imp
 34751 | D:15     | XOM: harmless Chrm miscast
 34800 | D:15     | XOM: smoke on damage
 34803 | D:15     | XOM: scenery: create altars
 34854 | D:15     | XOM: mild Hex miscast
 35235 | D:15     | XOM: harmless Pois miscast
 35343 | Vaults:1 | Entered Level 1 of the Vaults
 35356 | Vaults:1 | XOM: enchant monster (bad)
 35461 | Vaults:1 | XOM: swap monsters
 35468 | Vaults:1 | XOM: summons 8 hostile demons
 35540 | Vaults:1 | Found Jagrua Leth's General Store.
 35548 | Vaults:1 | Bought a throwing net for 33 gold pieces
 35548 | Vaults:1 | Bought 2 potions of might for 88 gold pieces
 35548 | Vaults:1 | Bought a potion of lignification for 33 gold pieces
 35563 | Vaults:1 | XOM: potion effect (brilliance)
 35903 | Vaults:1 | XOM: harmless Necr miscast
 36098 | Vaults:1 | XOM: harmless Erth miscast
 36125 | Vaults:1 | XOM: summons friendly crimson imp
 36142 | Vaults:1 | XOM: summons friendly quasit
 36484 | Vaults:1 | Found a radiant altar of Vehumet.
 36484 | Vaults:1 | Noticed a lich
 36484 | Vaults:1 | XOM: confuse monster(s)
 36486 | Vaults:1 | Found the +3 robe of Folly {Archmagi, MR-- Int+5}
 36492 | Vaults:1 | Killed a lich
 36788 | Vaults:1 | XOM: harmless Necr miscast
 36841 | Vaults:1 | XOM: medium Summ miscast
 37113 | Vaults:1 | XOM: summons 2 hostile demons
 37253 | Vaults:2 | Reached XP level 19. HP: 200/200 MP: 23/23
 37349 | Vaults:2 | XOM: cleaving
 37479 | Vaults:2 | XOM: give mutations
 37479 | Vaults:2 | Lost mutation: You have large cloven feet. [Xom's mischief]
 37479 | Vaults:2 | Gained mutation: Your magical capacity is low. (-10% MP)
                  | [Xom's mischief]
 37479 | Vaults:2 | Lost mutation: You occasionally shout uncontrollably at
                  | your foes. [Xom's mischief]
 37488 | Vaults:2 | Reached skill level 15 in Fighting
 37500 | Vaults:2 | XOM: confusion
 37502 | Vaults:2 | XOM: confusion (+ monsters)
 37511 | Vaults:2 | XOM: cast spell 'Summon Mana Viper'
 37518 | Vaults:2 | XOM: summons friendly crimson imp
 37597 | Vaults:1 | XOM: give mutation
 37597 | Vaults:1 | Gained mutation: Armour fits poorly on your strangely
                  | shaped body. [Xom's mischief]
 37912 | Vaults:2 | XOM: mild Erth miscast
 38050 | Vaults:2 | XOM: chaos upgrade
 38053 | Vaults:2 | XOM: noise
 38245 | Vaults:2 | XOM: mild Fire miscast
 38314 | Vaults:2 | XOM: 4-stop teleportation journey
 38344 | Vaults:2 | Found Soyrr's Assorted Antiques.
 38493 | Vaults:2 | XOM: polymorph neqoxec -> ynoxinul
 38511 | Vaults:2 | XOM: silly message
 38570 | Vaults:2 | XOM: potion effect (curing)
 38812 | Vaults:2 | XOM: potion effect (haste)
 38930 | Vaults:2 | Noticed Xtahua
 38934 | Vaults:2 | XOM: silly message
 38942 | Vaults:2 | Killed Xtahua
 38950 | Vaults:2 | Noticed Sojobo
 39264 | Vaults:2 | XOM: potion effect (agility)
 39266 | Vaults:2 | XOM: potion effect (invisibility)
 39295 | Vaults:2 | XOM: potion effect (agility)
 39319 | Vaults:2 | XOM: harmless Ice miscast
 39676 | Vaults:2 | XOM: medium Chrm miscast
 40040 | Vaults:2 | XOM: summons 9 hostile demons
 40084 | Vaults:2 | XOM: summons friendly crimson imp
 40194 | Vaults:2 | XOM: draining
 40201 | Vaults:2 | XOM: give mutation
 40201 | Vaults:2 | Gained mutation: You are clumsy. (Dex -2) [Xom's mischief]
 40302 | Vaults:3 | XOM: confuse monster(s)
 40559 | Vaults:3 | Found a staircase to the Crypt.
 40559 | Vaults:3 | Found a basalt altar of Yredelemnul.
 40560 | Vaults:3 | Found an ancient bone altar of Kikubaaqudgha.
 40585 | Vaults:3 | XOM: potion effect (curing)
 40590 | Vaults:3 | XOM: cast spell 'Summon Mana Viper'
 40680 | Vaults:3 | XOM: harmless Summ miscast
 40728 | Vaults:3 | Reached skill level 16 in Unarmed Combat
 40776 | Vaults:3 | Found Exzar's Book Boutique.
 41323 | Vaults:3 | XOM: polymorph hippogriff -> shapeshifter
 41362 | Vaults:3 | XOM: fog
 41433 | Vaults:3 | XOM: harmless Tmut miscast
 41438 | Vaults:3 | XOM: give mutations
 41438 | Vaults:3 | Gained mutation: You are frail. (-10% HP) [Xom's mischief]
 41438 | Vaults:3 | Gained mutation: Your mind is acute. (Int +2) [Xom's
                  | mischief]
 41438 | Vaults:3 | Gained mutation: You are weak. (Str -2) [Xom's mischief]
 41613 | Vaults:3 | XOM: scenery: 2 doors close
 41665 | Vaults:3 | XOM: cast spell 'Necromutation'
 41844 | Vaults:3 | XOM: mild Fire miscast
 42254 | Vaults:4 | Noticed Saint Roka
 42275 | Vaults:4 | XOM: enchant monster (good)
 42575 | Vaults:4 | Killed Saint Roka
 42587 | Vaults:4 | XOM: noise
 42686 | Vaults:4 | XOM: enchant monster (bad)
 42708 | Vaults:4 | XOM: medium Chrm miscast
 42711 | Vaults:4 | XOM: chaos cloud
 42733 | Vaults:3 | Reached XP level 20. HP: 79/189 MP: 22/22
 42909 | Vaults:4 | XOM: blink monster(s)
 42988 | Vaults:4 | XOM: enchant monster (bad)
 43005 | Vaults:4 | XOM: swap monsters
 43012 | Vaults:4 | XOM: 1-stop teleportation journey
 43013 | Vaults:4 | Noticed Agnes
 43013 | Vaults:4 | Noticed Frederick
 43017 | Vaults:4 | XOM: potion effect (curing)
 43020 | Vaults:4 | Found Taaraf's Food Shop.
 43022 | Vaults:4 | XOM: harmless Summ miscast
 43126 | Vaults:4 | Found the amulet of the Air {Inacc +Fly rElec EV+5 RMsl}
 43168 | Vaults:4 | XOM: potion effect (might)
 43286 | Vaults:4 | XOM: mild Pois miscast
 43355 | Vaults:4 | XOM: divination: detect creatures
 43358 | Vaults:4 | XOM: divination: detect items
 43366 | Vaults:4 | XOM: blink monster(s)
 43374 | Vaults:4 | Killed Agnes
 43489 | Vaults:4 | Noticed Rupert
 43501 | Vaults:4 | Killed Rupert
 43536 | Vaults:4 | Killed Frederick
 43657 | Vaults:4 | Found a runed translucent gate.
 43657 | Vaults:4 | Found a runed translucent gate.
 43657 | Vaults:4 | Found a runed translucent gate.
 43659 | Vaults:4 | Found an opulent altar of Gozag.
 43660 | Vaults:4 | Noticed Infinimo's ghost (veteran CeHu)
 43755 | Vaults:4 | XOM: confusion (+ monsters)
 43756 | Vaults:4 | XOM: cleaving
 43869 | Vaults:4 | XOM: harmless Tmut miscast
 44042 | Vaults:4 | XOM: noise
 44411 | Vaults:4 | XOM: summons friendly quasit
 44412 | Vaults:4 | XOM: scenery: 3 doors close
 44485 | Vaults:4 | XOM: summons 3 friendly demons
 44596 | Vaults:4 | XOM: polymorph vault warden -> shadow dragon
 44602 | Vaults:4 | Noticed Mennas
 44626 | Vaults:4 | Noticed Mennas
 44626 | Vaults:4 | Mennas changed into Mennas the pearl dragon
 44626 | Vaults:4 | XOM: polymorph Mennas -> Mennas the pearl dragon
 44632 | Vaults:4 | XOM: fake destruction
 44633 | Vaults:4 | Killed from afar by a shadow dragon

Skill      XL: |  1  2  3  4  5  6  7  8  9 10 11 12 13 14 15 16 17 18 19 20 |
---------------+-------------------------------------------------------------+-----
Unarmed Combat | 4 6 7 8 9 10 11 12 13 14 15 16 | 16.6
Shields        | 2 4 5 7 9 10 11 12 13 14 15 | 15.0
Fighting       | 5 7 8 9 10 11 12 13 14 15 | 15.8
Dodging        | 7 9 |  9.9
Evocations     | 1 4 5 7 |  7.5
Armour         | 4 6 8 |  8.9
Throwing       | 2 3 7 9 10 11 12 | 12.4

Action                   |  1- 3 |  4- 6 |  7- 9 | 10-12 | 13-15 | 16-18 | 19-21 || total
-------------------------+-------+-------+-------+-------+-------+-------+-------++-------
Melee: Unarmed           |   100 |   144 |   388 |   556 |  2095 |  2086 |  1012 ||  6381
       Punch             |       |     2 |       |       |       |       |       ||     2
       Scimitar          |       |       |       |       |    25 |       |       ||    25
       Kick              |       |       |       |       |    40 |   754 |    24 ||   818
 Fire: Blowgun           |       |       |       |       |       |     1 |    15 ||    16
Throw: Javelin           |       |       |       |     8 |     8 |    76 |   120 ||   212
       Throwing net      |       |       |       |     1 |       |       |       ||     1
       Large rock        |       |       |       |       |     1 |       |       ||     1
       Tomahawk          |       |       |       |       |       |    87 |       ||    87
 Cast: Blink             |       |       |       |       |     2 |       |       ||     2
Evoke: Wand              |       |       |     8 |    27 |    44 |    30 |    15 ||   124
       Phial of floods   |       |       |       |       |     3 |       |     1 ||     4
       Lamp of fire      |       |       |       |       |       |     1 |     3 ||     4
  Use: Scroll            |       |    15 |     8 |     8 |    14 |    10 |     7 ||    62
       Potion            |       |     1 |    10 |     3 |     6 |    17 |     5 ||    42
 Stab: Confused          |       |       |     1 |       |     3 |     7 |     4 ||    15
       Paralysed         |       |       |     3 |       |       |     4 |    16 ||    23
       Sleeping          |       |       |     2 |     1 |       |       |       ||     3
       Petrified         |       |       |       |     2 |    22 |       |       ||    24
       Distracted        |       |       |       |       |     5 |     3 |     1 ||     9
       Invisible         |       |       |       |       |    10 |     9 |       ||    19
  Eat: Chunk             |    15 |    15 |    40 |    43 |   124 |   106 |    67 ||   410
       Ration            |       |       |       |       |     1 |     5 |       ||     6
Armor: Robe              |    54 |    35 |   114 |    77 |       |       |       ||   280
       Skin              |       |       |     5 |    12 |     1 |       |       ||    18
       Ice dragon scales |       |       |       |     3 |   305 |       |       ||   308
       Troll leather arm |       |       |       |       |   231 |   462 |       ||   693
       Acid dragon scale |       |       |       |       |       |     5 |   107 ||   112
Dodge: Dodged            |    70 |    41 |    71 |   112 |   479 |   628 |   209 ||  1610
Block: Large shield      |       |    45 |   295 |   526 |  2216 |  2529 |   882 ||  6493
       Reflection        |       |       |       |    15 |   137 |   157 |    79 ||   388
       Rpst.: Scimitar   |       |       |       |       |     3 |       |       ||     3
